 Dungeon Crawl Stone Soup version 0.21-a0-2-ge494091 (webtiles) character file.

195 CrawlDiddy the Skirmisher (level 5, 0/47 HPs)
             Began as a Minotaur Fighter on May 20, 2017.
             Succumbed to an orc wizard's poison
             ... on level 3 of the Dungeon.
             The game lasted 00:11:17 (1722 turns).

CrawlDiddy the Skirmisher (Minotaur Fighter)        Turns: 1722, Time: 00:11:17

Health: 0/47       AC:  8    Str: 21    XL:     5   Next: 45%
Magic:  4/4        EV:  7    Int: 10    God:
Gold:   86         SH:  9    Dex: 10    Spells: 4/4 levels left

rFire    + . .     SeeInvis .   a - +0 long sword
rCold    + . .     Gourm    .   c - +0 shield
rNeg     . . .     Faith    .   b - +0 scale mail
rPois    +         Spirit   .   (helmet restricted)
rElec    +         Reflect  .   k - +0 cloak
rCorr    +         Harm     .   (no gloves)
MR       .....                  (no boots)
Stlth    ..........             (no amulet)
Regen    0.2/turn               (no ring)
MPRegen  0.1/turn               (no ring)

@: brilliant, lethally poisoned (0 -> -5), resistant
A: retaliatory headbutt, horns 2
a: no special abilities


You were on level 3 of the Dungeon.
You were not hungry.

You visited 1 branch of the dungeon, and saw 3 of its levels.

You collected 86 gold pieces.

Inventory:

Hand Weapons
 a - a +0 long sword (weapon)
Missiles
 h - 54 stones (quivered)
 p - 3 exploding tomahawks
Armour
 b - a +0 scale mail (worn)
 c - a +0 shield (worn)
 k - a +0 cloak (worn)
Jewellery
 o - an uncursed ring of ice
Scrolls
 e - a scroll of remove curse
 j - a scroll of identify
Potions
 d - a potion of might
 i - a potion of resistance
Comestibles
 f - 3 bread rations
 g - a chunk of flesh
 l - a royal jelly
 n - a meat ration


   Skills:
 + Level 4.4 Fighting
 + Level 4.2 Long Blades
 + Level 2.2 Throwing
 + Level 4.4 Armour
 + Level 0.7 Dodging
 + Level 4.3 Shields


You had 4 spell levels left.
You didn't know any spells.

Dungeon Overview and Level Annotations

Branches:
Dungeon (3/15)

Altars:
Fedhas
Wu Jian


Innate Abilities, Weirdness & Mutations

You reflexively headbutt those who attack you in melee.
You have a pair of horns on your head.


Message History

* * * LOW HITPOINT WARNING * * *
You feel sick.
You see here a falchion.
* * * LOW HITPOINT WARNING * * *
You feel sick.
There is an open door here.
Items here: )) [ †† a dagger of venom; a robe; a flail; an orc corpse x2
* * * LOW HITPOINT WARNING * * *
You feel sick.
Things that are here:
a dagger; a robe; an orc corpse
There is a lethal amount of poison in your body!
There is a lethal amount of poison in your body!
There is a lethal amount of poison in your body!
* * * LOW HITPOINT WARNING * * *
You feel sick.
* * * LOW HITPOINT WARNING * * *
You feel sick.
You die...

#.# #.# #.# ##### #.#
#...# #.# #...# ## #.#
#...###########...
###.###........#).......
....<..........)........
##..)..........#@.......
#........#######+###...
#.....#### .. .........
. ##.....##. #.....# +
#####..


There were no monsters in sight!

Vanquished Creatures
  A big kobold (D:3)
  2 orc wizards (D:3)
  An adder (D:2)
  A worm (D:2)
  A dart slug (D:2)
  2 leopard geckos (D:1)
  3 orcs (D:3)
  4 giant cockroaches
  6 goblins
  7 hobgoblins
  8 kobolds
  A quokka (D:2)
  A ball python (D:2)
  4 bats
  6 frilled lizards
  5 rats
53 creatures vanquished.

Notes
Turn   | Place    | Note
-------+----------+-------------------------------------------
     0 | D:1      | CrawlDiddy the Minotaur Fighter began the quest for the Orb.
     0 | D:1      | Reached XP level 1. HP: 19/19 MP: 0/0
   318 | D:1      | Reached XP level 2. HP: 27/27 MP: 1/1
  1016 | D:2      | Reached XP level 3. HP: 33/33 MP: 2/2
  1048 | D:2      | Found a blossoming altar of Fedhas.
  1339 | D:2      | Reached skill level 1 in Throwing
  1573 | D:3      | Noticed a big kobold
  1591 | D:3      | Killed a big kobold
  1591 | D:3      | Reached XP level 4. HP: 40/41 MP: 3/3
  1619 | D:3      | Found an ornate altar of the Wu Jian Council.
  1697 | D:3      | Reached XP level 5. HP: 40/47 MP: 4/4
  1719 | D:3      | HP: 2/47 [poisoned by an orc wizard]
  1722 | D:3      | Succumbed to an orc wizard's poison

Vault maps used:
D:1:      minmay_arrival_split_and_join, minmay_misc_feat_tiny
D:2:      hangedman_decor_peaks_small, fedhas_altar_1
D:3:      lemuel_coloured_pillars_altar, nicolae_ashenzari_panopticon,
          first_bread, chequers_ecumenical_altar_simple_redux, uniq_sigmund

Skill      XL: |  1  2  3  4  5 |
---------------+----------------+-----
Shields        | 4 |  4.3
Fighting       | 4 |  4.4
Long Blades    | 3 4 |  4.2
Armour         | 4 |  4.4
Throwing       | 1 2 |  2.2
Dodging        | |  0.7

Action                   |  1- 3 |  4- 6 || total
-------------------------+-------+-------++-------
Melee: Long sword        |   114 |    13 ||   127
       Headbutt          |    16 |     6 ||    22
Throw: Stone             |   103 |     1 ||   104
  Use: Scroll            |     3 |     1 ||     4
       Potion            |       |     2 ||     2
  Eat: Chunk             |     2 |     1 ||     3
Armor: Scale mail        |    45 |    10 ||    55
Dodge: Dodged            |    43 |     5 ||    48
Block: Shield            |    56 |     7 ||    63
       Rpst.: Long sword |    11 |     2 ||    13
